 Dungeon Crawl Stone Soup version 0.29.1-13-g9f3cf754e1 (webtiles) character file.

Game seed: 14969180586207739035

21 booth the Stinger (level 2, 0/19 HPs)
             Began as a Demonspawn Venom Mage on Jan 25, 2023.
             Slain by Terence
             ... wielding a +0 hand axe
              (7 damage)
             ... on level 2 of the Dungeon.
             The game lasted 00:08:25 (1600 turns).

booth the Stinger (Demonspawn Venom Mage)           Turns: 1600, Time: 00:08:26

Health: 0/19       AC:  3    Str:  8    XL:     2   Next: 65%
Magic:  0/5        EV: 12    Int: 16    God:
Gold:   42         SH:  0    Dex: 13    Spells: 2/5 levels left

rFire   . . .      SeeInvis .   c - +3 dagger
rCold   . . .      Faith    .   (no shield)
rNeg    . . .      Spirit   .   a - +0 robe
rPois   .          Reflect  .   e - +0 helmet
rElec   .          Harm     .   (no cloak)
rCorr   .          Rampage  .   (no gloves)
Will    .....                   (no boots)
Stlth   ++........              (no amulet)
HPRegen 0.06/turn               (no ring)
MPRegen 0.18/turn               (no ring)

@: very slightly contaminated
A: magic regeneration
a: no special abilities


You were on level 2 of the Dungeon.
You visited 1 branch of the dungeon, and saw 2 of its levels.

You collected 42 gold pieces.

Inventory:

Hand Weapons
 c - a +3 dagger (weapon)
Armour
 a - a +0 robe (worn)
 e - a +0 helmet (worn)
Scrolls
 f - 3 scrolls of teleportation
 i - 2 scrolls of identify {unknown}
 k - 3 scrolls of brand weapon {unknown}
Potions
 b - 2 potions of magic
 d - 2 potions of heal wounds {unknown}
 g - a potion of flight {unknown}
 h - a potion of berserk rage {unknown}
 j - a potion of resistance {unknown}
 l - a potion of cancellation {unknown}


   Skills:
 + Level 0.4 Short Blades
 + Level 1.9 Dodging
 + Level 1.9 Stealth
 + Level 2.3 Spellcasting
 + Level 0.9 Transmutations
 + Level 3.5 Poison Magic


You had 2 spell levels left.
You knew the following spells:

 Your Spells              Type           Power      Damage    Failure   Level
a - Sting                 Tmut/Pois      32%        1d4       9%          1
b - Poisonous Vapours     Pois/Air       14%        N/A       16%         2

Your spell library contained the following spells:

 Spells                   Type           Power      Damage    Failure   Level
 Mephitic Cloud           Conj/Pois/Air  5%         N/A       36%         3
 Olgreb's Toxic Radiance  Pois           13%        N/A       43%         4
 Gell's Gravitas          Tloc           1%         N/A       52%         3
 Teleport Other           Tloc           1%         N/A       52%         3
 Dispersal                Tloc           0%         N/A       100%        6


Dungeon Overview and Level Annotations

Branches:
Dungeon (2/15)

Altars:

Annotations:
D:2 Terence


Innate Abilities, Weirdness & Mutations

You regenerate magic rapidly.


Message History

Press: ? - help, Dir - move target, f - Terence
Aim: Terence, wielding a +0 hand axe and wearing a +0 scale mail Poisonous vapours surround Terence!
Terence is poisoned.
Terence says, "Rest in peace."
Casting: Poisonous Vapours (safe; 16% risk of failure)
Confirm with . or Enter, or press ? or * to list all spells.
Aiming: Poisonous Vapours (safe; 16% risk of failure)
Press: ? - help, Dir - move target, f/p - Terence
Aim: Terence, wielding a +0 hand axe and wearing a +0 scale mail (lightly wounded, poisoned) Poisonous vapours surround Terence!
Terence looks even sicker.
Terence hits you with a +0 hand axe.
You hit Terence.
Terence is moderately wounded.
You hit Terence but do no damage.
Terence is moderately wounded.
Terence hits you with a +0 hand axe.
You hit Terence but do no damage.
Terence is heavily wounded.
Terence closely misses you.
Casting: Poisonous Vapours (safe; 16% risk of failure)
Confirm with . or Enter, or press ? or * to list all spells.
Aiming: Sting (safe; 9% risk of failure)
Press: ? - help, Shift-Dir - straight line, f/p - Terence
Aim: Terence, wielding a +0 hand axe and wearing a +0 scale mail (heavily wounded, very poisoned, 72% to hit)
The sting hits Terence but does no damage.
Terence looks even sicker.
Terence is heavily wounded.
Terence hits you with a +0 hand axe.
Casting: Sting (safe; 9% risk of failure)
Confirm with . or Enter, or press ? or * to list all spells.
Aiming: Sting (safe; 9% risk of failure)
Press: ? - help, Shift-Dir - straight line, f/p - Terence
Aim: Terence, wielding a +0 hand axe and wearing a +0 scale mail (heavily wounded, very poisoned, 72% to hit)
You miscast Sting.
You are very lightly contaminated with residual magic.
Nothing appears to happen.
Terence closely misses you.
You hit Terence but do no damage.
Terence is heavily wounded.
Terence hits you with a +0 hand axe!
You die...

#########.#
##..........
#######...######.#
#.......#.# #.#
#.#####...# #.#
#.# ##### #.# #.#
#.# #.# #.# #@#
#.# #@# #.#
........>#
.###.......
#.#...### .......#
.#..#.... . #
.###.#


You could see Terence (very poisoned).

Vanquished Creatures
  A dart slug (D:2)
  A ball python (D:1)
  2 bats
  2 endoplasms (D:1)
  A goblin (D:1)
  2 hobgoblins
  2 jackals (D:2)
  A kobold (D:1)
  A quokka (D:1)
  2 frilled lizards (D:2)
  A rat (D:1)
16 creatures vanquished.

Notes
Turn   | Place    | Note
-------+----------+-------------------------------------------
     0 | D:1      | booth the Demonspawn Venom Mage began the quest for the
                  | Orb.
     0 | D:1      | Reached XP level 1. HP: 13/13 MP: 3/3
   472 | D:1      | Gained mutation: You regenerate magic rapidly. [demonic
                  | ancestry]
   472 | D:1      | Reached XP level 2. HP: 2/19 MP: 0/5
   748 | D:1      | Learned a level 2 spell: Poisonous Vapours
  1588 | D:2      | Noticed Terence
  1600 | D:2      | Slain by Terence

Illustrated notes

Levels and vault maps discovered:
D:1:      dpeg_arrival_ternary, layout_loops_corners, amcnicky_mini_pool_small
D:2:      layout_loops_ring, minmay_pentomino_s2, uniq_terence

Action                   || total
-------------------------++-------
Melee: Dagger            ||    39
       Unarmed           ||     2
       Punch             ||     1
 Cast: Sting             ||    15
       Poisonous Vapours ||     5
  Use: Scroll            ||     1
 Stab: Sleeping          ||     1
Armor: Robe              ||     9
Dodge: Dodged            ||    24
